 Dungeon Crawl Stone Soup version 0.31-a0-229-g1fc7ce93e2 (webtiles) character file.

Game seed: 12045829850822275616

151 qw the Shooter (level 5, -3/41 HPs)
             Began as a Minotaur Hexslinger on July 6, 2023.
             Slain by Sigmund
             ... wielding a +1 scythe of protection
              (9 damage)
             ... on level 2 of the Dungeon.
             The game lasted 00:00:34 (1002 turns).

qw the Shooter (Minotaur Hexslinger)                Turns: 1002, Time: 00:00:34

Health: -3/41      AC:  5    Str: 12    XL:     5   Next: 10%
Magic:  5/5        EV: 11    Int: 10    God:
Gold:   16         SH:  0    Dex: 15    Spells: 5/6 levels left

rFire   . . .        Y - +1 sling
rCold   . . .        (no shield)
rNeg    . . .        f - +0 ring mail
rPois   .            (helmet restricted)
rElec   .            (no cloak)
rCorr   .            (no gloves)
SInv    .            (no boots)
Will    .....        (no amulet)
Stlth   +            (no ring)
HPRegen 0.26/turn    (no ring)
MPRegen 0.09/turn

%: no passive effects
@: no status effects
A: horns 2, retaliatory headbutt
a: no special abilities


You were on level 2 of the Dungeon.
You visited 1 branch of the dungeon, and saw 2 of its levels.

You collected 44 gold pieces.
You spent 28 gold pieces at shops.


Innate Abilities, Weirdness & Mutations

You have a pair of horns on your head.
You reflexively headbutt those who attack you in melee.


   Skills:
 + Level 2.1 Fighting
 - Level 5.2 Ranged Weapons
 - Level 2.0 Armour
 - Level 2.1 Dodging
 - Level 1.0 Spellcasting
 - Level 2.0 Hexes


You had 5 spell levels left.
You knew the following spells:

 Your Spells              Type           Power      Damage    Failure   Level
a - Slow                  Hex            16%        N/A       32%         1

Your spell library contained the following spells:

 Spells                   Type           Power      Damage    Failure   Level
 Inner Flame              Hex/Fire       2%         N/A       83%         3
 Portal Projectile        Hex/Tloc       4%         N/A       83%         3
 Cause Fear               Hex            2%         N/A       97%         4

Inventory:

Hand Weapons
 Y - a +1 sling (weapon)
Armour
 f - a +0 ring mail (worn)
Scrolls
 a - a scroll of identify
Potions
 b - a potion of enlightenment {unknown}
 e - a potion of curing {unknown}
 i - a potion of lignification {unknown}

Dungeon Overview and Level Annotations

Branches:
Dungeon (2/15)

Altars:

Shops:
D:1 =   D:2 [?

Annotations:
D:2 Natasha, Sigmund


Message History

You shoot a sling bullet. The sling bullet hits Natasha.
Natasha is lightly wounded.
Something hits you.
You shoot a sling bullet. The sling bullet hits Natasha.
Natasha is moderately wounded.
Natasha claws you but does no damage.
You shoot a sling bullet.
The sling bullet hits Natasha but does no damage.
Natasha is moderately wounded.
Something completely misses you. Natasha barely misses you.
You furiously retaliate!
You headbutt Natasha, but do no damage.
Natasha mumbles some strange words.
You shoot a sling bullet. The sling bullet barely misses Natasha.
Something hits you. Natasha barely misses you.
You shoot a sling bullet. The sling bullet hits Natasha.
Natasha is moderately wounded.
The giant cockroach misses you. You furiously retaliate!
You headbutt the giant cockroach!
You kill the giant cockroach!
Something hits you. Natasha misses you.
You shoot a sling bullet.
The sling bullet closely misses Natasha.
The rat completely misses you. Natasha claws you but does no damage.
The cerulean imp hits you from afar with a +2 spear.
Something hits you!
You shoot a sling bullet. The sling bullet hits Natasha.
Natasha is severely wounded.
The rat bites you but does no damage. Natasha claws you.
The cerulean imp hits you from afar with a +2 spear.
Something hits you but does no damage. The rat misses you.
You furiously retaliate!
You headbutt the rat. Natasha claws you but does no damage.
You shoot a sling bullet.
The sling bullet closely misses Natasha.
The cerulean imp hits you from afar with a +2 spear.
The rat bites you. Natasha claws you. The cerulean imp barely misses you.
You shoot a sling bullet.
The sling bullet closely misses Natasha.
Something hits you!
You die...

.. ##. .# #... ##.# #..#
#..##..# #.##..#####
..#######.#.[.>...
#.............##.###
..###.####.#.........#..
.....{h@....#..#...#...#
..#..5r###.....##....###
##.#. #...#.##....... ..
#. #...#.##..####. ## #.
#.........))# ..
#.....#...#.### #.
..###...#...[.# #. .###
#...####... #.#....##..


You could see Natasha, a cerulean imp (summoned) and a rat.

Vanquished Creatures
  An orc priest (D:2)
  Natasha (twice) (D:2)
  3 adders (D:2)
  A dart slug (D:1)
  3 orcs (D:2)
  2 ball pythons (D:2)
  2 bats
  5 endoplasms
  2 giant cockroaches
  4 goblins
  A hobgoblin (D:1)
  2 jackals (D:1)
  4 kobolds
  A quokka (D:1)
  A frilled lizard (D:1)
  6 rats (D:1)
40 creatures vanquished.

Notes
Turn   | Place    | Note
-------+----------+-------------------------------------------
     0 | D:1      | qw the Minotaur Hexslinger began the quest for the Orb.
     0 | D:1      | Reached XP level 1. HP: 16/16 MP: 1/1
     0 | D:1      | 0 ||| qw: Version: 0.3-a-46-gb1f654a
     0 | D:1      | 0 ||| qw: Game counter: 1215
     0 | D:1      | 0 ||| qw: Melee chars always use a shield: true
     0 | D:1      | 0 ||| qw: God list: Okawaru
     0 | D:1      | 0 ||| qw: Allow faded altars: false
     0 | D:1      | 0 ||| qw: Do Orc after clearing Dungeon:15 true
     0 | D:1      | 0 ||| qw: Do second Lair branch before Depths: true
     0 | D:1      | 0 ||| qw: Lair rune preference: random
     0 | D:1      | 0 ||| qw: Goals: Normal
     0 | D:1      | 0 ||| PLANNING D:1-11
     3 | D:1      | Noticed an electric eel
     4 | D:1      | Noticed an electric eel
    11 | D:1      | 11 ||| DROPPING scroll of poison.
   124 | D:1      | Reached skill level 3 in Ranged Weapons
   125 | D:1      | Reached XP level 2. HP: 23/23 MP: 2/2
   155 | D:1      | Found Rafuas's Jewellery Boutique.
   157 | D:1      | 157 ||| SHOPLISTING +4 ring of protection (432 gold, have
                  | 12).
   157 | D:1      | 157 ||| SHOPLISTING +6 ring of dexterity (432 gold, have
                  | 12).
   157 | D:1      | 157 ||| SHOPLISTING amulet of the acrobat (360 gold, have
                  | 12).
   157 | D:1      | 157 ||| SHOPLISTING ring of fire (300 gold, have 12).
   382 | D:1      | Found a faded altar of an unknown god.
   457 | D:1      | Reached XP level 3. HP: 29/29 MP: 3/3
   480 | D:1      | 480 ||| UPGRADING to +0 ring mail.
   490 | D:1      | 490 ||| DROPPING +0 robe.
   491 | D:1      | 491 ||| DROPPING ring of wizardry.
   492 | D:1      | 492 ||| READING 2 scrolls labelled ILOTSE MISAH.
   496 | D:1      | 496 ||| READING scroll labelled HIS INKE MEI.
   497 | D:1      | 497 ||| READING scroll labelled QAAN RUTOEGI.
   546 | D:2      | Reached skill level 4 in Ranged Weapons
   550 | D:2      | HP: 4/29 [orc/+0 flail (5)]
   551 | D:2      | 551 ||| READING scroll of teleportation.
   554 | D:2      | Noticed Natasha
   557 | D:2      | Killed Natasha
   558 | D:2      | Reached XP level 4. HP: 6/36 MP: 4/4
   799 | D:2      | Found Voifarosm's Armour Shoppe.
   807 | D:2      | 807 ||| SHOPLISTING +0 cloak (45 gold, have 32).
   807 | D:2      | 807 ||| SHOPLISTING +0 pair of gloves (45 gold, have 32).
   807 | D:2      | 807 ||| SHOPLISTING +2 pair of gloves of hurling (215 gold,
                  | have 32).
   835 | D:2      | Found Waelie Jumu's Magic Scroll Shop.
   846 | D:2      | Noticed Natasha
   850 | D:2      | 850 ||| Stepping ~*~*~tactically~*~*~ (outnumbered).
   860 | D:2      | HP: 9/36 [Natasha/magic dart (9)]
   862 | D:2      | Killed Natasha
   863 | D:2      | Reached skill level 5 in Ranged Weapons
   863 | D:2      | Reached XP level 5. HP: 10/41 MP: 5/5
   964 | D:2      | 964 ||| SHOPLISTING 3 scrolls of enchant weapon (315 gold,
                  | have 32).
   964 | D:2      | 964 ||| SHOPLISTING scroll of brand weapon (133 gold, have
                  | 32).
   964 | D:2      | 964 ||| SHOPLISTING scroll of enchant weapon (105 gold,
                  | have 32).
   964 | D:2      | 964 ||| BUYING scroll of identify (28 gold).
   964 | D:2      | Bought a scroll of identify for 28 gold pieces
   964 | D:2      | 964 ||| SHOPLISTING scroll of identify (28 gold, have 4).
   988 | D:2      | Noticed Sigmund
   991 | D:2      | Noticed Natasha
  1001 | D:2      | HP: 6/41 [Natasha (5)]
  1002 | D:2      | Slain by Sigmund

Levels and vault maps discovered:
D:1:      arrival_aquarium_b, layout_rooms, serial_shops,
          nicolae_shop_gaudy_bauble, hellmonk_ecumenical_altar_slurped_away
D:2:      layout_rooms, serial_shops, nicolae_shop_tiny_glass,
          nicolae_shop_back_alley_shop, nicolae_shop_crystal,
          nicolae_shop_rolling_square, basic_altar, uniq_terence, uniq_sigmund,
          uniq_natasha

Skill      XL: |  1  2  3  4 |
---------------+-------------+-----
Ranged Weapons | 3 4 5 |  5.2
Fighting       | 2 |  2.1
Armour         | 2 |  2.0
Dodging        | |  2.1
Spellcasting   | |  1.0
Hexes          | |  2.0

Action                     |  1- 3 |  4- 6 || total
---------------------------+-------+-------++-------
   Fire: Sling             |    93 |    55 ||   148
    Use: Scroll            |     4 |       ||     4
 Armour: Robe              |    10 |       ||    10
         Ring mail         |    13 |    15 ||    28
  Dodge: Dodged            |    33 |    26 ||    59

Table legend:
 A = Non-vault XP
 B = Vault XP
 C = Vault XP percentage of total XP
 D = Non-vault monster count
 E = Vault monster count
 F = Vault count percentage of total count
                 A         B        C        D         E       F
            +---------+---------+-------+---------+---------+-------
      Total |     179 |      37 |  17.1 |      38 |       2 |   5.0
            +---------+---------+-------+---------+---------+-------
        D:1 |      39 |       2 |   4.9 |      22 |       1 |   4.3
        D:2 |     140 |      35 |  20.0 |      16 |       1 |   5.9
            +---------+---------+-------+---------+---------+-------
